[ AOE2 MATCH · #483115809 ]
UnrankedCelts vs Japanese
[ REPLAY ANALYSIS · EXTRACTED FROM THE RECORDED GAME ]
Feudal
16:16
Castle
34:57
Imperial
—
| APM avg | 17.2 |
| APM peak | 68 |
| eAPM avg | 11.2 |
| Villagers / military | 52 / 64 |
Focus
⚔️ 29.1% · 🌾 70.9%
Skirmisher ×35 · Militia ×14 · Archer ×5 · Spearman ×5 · Scout Cavalry ×5 · Trade Cart ×4
Feudal
—
Castle
—
Imperial
—
| APM avg | 15.6 |
| APM peak | 65 |
| eAPM avg | 8.4 |
| Villagers / military | 58 / 45 |
Focus
⚔️ 28.9% · 🌾 71.1%
Militia ×30 · Archer ×15
Feudal
16:53
Castle
23:24
Imperial
30:46
| APM avg | 26.7 |
| APM peak | 74 |
| eAPM avg | 10.8 |
| Villagers / military | 76 / 31 |
Focus
⚔️ 19.3% · 🌾 80.7%
Fishing Ship ×19 · Genoese Crossbowman ×17 · Fire Galley ×7 · Militia ×5 · Unknown (2626) ×5 · Bombard Cannon ×2
Feudal
13:20
Castle
22:45
Imperial
—
| APM avg | 19.2 |
| APM peak | 40 |
| eAPM avg | 12.3 |
| Villagers / military | 111 / 33 |
Focus
⚔️ 40.0% · 🌾 60.0%
Fishing Ship ×24 · Unknown (2626) ×19 · Camel Archer ×18 · Archer ×5 · Fire Galley ×4 · Spearman ×2
Feudal
15:36
Castle
30:11
Imperial
—
| APM avg | 21.9 |
| APM peak | 66 |
| eAPM avg | 7.5 |
| Villagers / military | 74 / 0 |
Focus
⚔️ 12.9% · 🌾 87.1%
Feudal
16:26
Castle
21:30
Imperial
30:59
| APM avg | 15.0 |
| APM peak | 39 |
| eAPM avg | 8.0 |
| Villagers / military | 27 / 41 |
Focus
⚔️ 36.0% · 🌾 64.0%
Chu Ko Nu ×37 · Fishing Ship ×16 · Monk ×2 · Trebuchet (Packed) ×2
Feudal
15:45
Castle
—
Imperial
—
| APM avg | 24.8 |
| APM peak | 55 |
| eAPM avg | 14.6 |
| Villagers / military | 49 / 40 |
Focus
⚔️ 29.7% · 🌾 70.3%
Fishing Ship ×27 · Skirmisher ×21 · Militia ×11 · Transport Ship ×3 · Demolition Raft ×3 · Archer ×2
Feudal
17:35
Castle
23:05
Imperial
36:44
| APM avg | 9.4 |
| APM peak | 18 |
| eAPM avg | 4.8 |
| Villagers / military | 45 / 4 |
Focus
⚔️ 13.3% · 🌾 86.7%
Fishing Ship ×10 · Tarkan ×2 · Demolition Raft ×2
Match map
Initial resources + every placement click. Lines = walls · curves = elevation contours. ◆ gold · ⬟ stone · ● berries · ✦ relic · ◌ wall gap
Your base· Open — 15t gap
SpareSteak9038's base· Open — 3t gap
Soul Ledger's base· Open — 6t gap
Faceless's base· Open — unwalled flank
RSP Neta 5's base· Open — unwalled flank
jj.moreno.minas's base· Open — unwalled flank
Lilbalayya's base· Open — 4t gap
matejpavlicek's base· Open — 6t gap
Smoothed initial terrain · ◌ = detected wall gap · hover for details
Inputs per minute
— Erickinio - - SpareSteak9038
Build order — Erickinio
First 150 of 204 actions detected
| 0:42 | Build | Town Center |
| 2:40 | Build | House |
| 2:48 | Build | House |
| 3:30 | Create | Villager (Male) |
| 3:31 | Create | Villager (Male) |
| 3:32 | Create | Villager (Male) |
| 3:32 | Create | Villager (Male) |
| 3:32 | Create | Villager (Male) |
| 3:32 | Create | Villager (Male) |
| 4:11 | Research | Loom |
| 4:53 | Create | Villager (Male) |
| 5:17 | Build | Lumber Camp |
| 5:42 | Create | Villager (Male) |
| 5:43 | Create | Villager (Male) |
| 6:29 | Create | Villager (Male) |
| 6:29 | Create | Villager (Male) |
| 7:39 | Create | Villager (Male) |
| 7:39 | Create | Villager (Male) |
| 7:39 | Create | Villager (Male) |
| 8:08 | Build | House |
| 8:16 | Build | House |
| 8:31 | Create | Villager (Male) |
| 8:31 | Create | Villager (Male) |
| 8:31 | Create | Villager (Male) |
| 9:05 | Build | Mill |
| 10:02 | Create | Villager (Male) |
| 10:02 | Create | Villager (Male) |
| 10:57 | Build | Farm |
| 10:59 | Create | Villager (Male) |
| 11:13 | Create | Villager (Male) |
| 12:00 | Create | Villager (Male) |
| 12:17 | Create | Villager (Male) |
| 13:16 | Create | Villager (Male) |
| 13:17 | Create | Villager (Male) |
| 13:39 | Build | House |
| 13:40 | Build | House |
| 13:52 | Build | Barracks |
| 14:00 | Research | Feudal Age |
| 14:36 | Create | Villager (Male) |
| 14:38 | Create | Villager (Male) |
| 15:40 | Build | House |
| 16:16 | Age | Feudal Age |
| 16:22 | Build | Archery Range |
| 16:29 | Build | Stable |
| 16:34 | Create | Villager (Male) |
| 16:35 | Create | Villager (Male) |
| 16:38 | Research | Double-Bit Axe |
| 16:48 | Create | Spearman |
| 16:49 | Create | Spearman |
| 17:08 | Create | Villager (Male) |
| 17:27 | Create | Scout Cavalry |
| 17:28 | Create | Scout Cavalry |
| 17:30 | Create | Scout Cavalry |
| 17:45 | Build | Farm |
| 17:46 | Build | Farm |
| 17:47 | Build | Farm |
| 17:48 | Build | Farm |
| 17:48 | Build | Farm |
| 17:49 | Build | Farm |
| 17:55 | Build | Farm |
| 18:12 | Build | Mining Camp |
| 18:16 | Create | Villager (Male) |
| 18:16 | Create | Villager (Male) |
| 18:22 | Build | House |
| 18:28 | Create | Skirmisher |
| 18:28 | Create | Skirmisher |
| 19:04 | Build | Watch Tower |
| 19:43 | Create | Villager (Male) |
| 19:43 | Create | Villager (Male) |
| 19:44 | Create | Villager (Male) |
| 19:54 | Build | Blacksmith |
| 19:59 | Build | Market |
| 20:11 | Create | Villager (Male) |
| 20:12 | Create | Villager (Male) |
| 20:23 | Create | Spearman |
| 20:23 | Create | Militia |
| 20:36 | Create | Villager (Male) |
| 20:36 | Create | Villager (Male) |
| 20:52 | Build | Mining Camp |
| 20:59 | Create | Villager (Male) |
| 20:59 | Create | Villager (Male) |
| 21:31 | Build | Gate |
| 21:40 | Research | Gold Mining |
| 22:04 | Build | Mining Camp |
| 22:07 | Create | Villager (Male) |
| 22:22 | Create | Militia |
| 22:22 | Create | Militia |
| 22:30 | Build | House |
| 22:32 | Build | House |
| 22:40 | Create | Villager (Male) |
| 22:41 | Create | Villager (Male) |
| 23:01 | Create | Trade Cart |
| 23:01 | Create | Trade Cart |
| 23:02 | Create | Trade Cart |
| 23:15 | Build | Gate |
| 23:21 | Create | Militia |
| 23:26 | Create | Skirmisher |
| 23:34 | Create | Villager (Male) |
| 23:35 | Create | Villager (Male) |
| 23:45 | Build | House |
| 23:46 | Build | House |
| 24:03 | Build | Farm |
| 24:03 | Build | Farm |
| 24:04 | Build | Farm |
| 24:05 | Build | Farm |
| 24:06 | Build | Farm |
| 24:07 | Build | Farm |
| 24:08 | Build | Farm |
| 24:26 | Research | Man-at-Arms (upgrade) |
| 24:27 | Create | Militia |
| 24:30 | Create | Spearman |
| 24:31 | Create | Spearman |
| 24:33 | Create | Archer |
| 24:33 | Create | Archer |
| 24:37 | Create | Trade Cart |
| 24:58 | Build | Mill |
| 25:00 | Build | Farm |
| 25:01 | Build | Farm |
| 25:01 | Build | Farm |
| 25:02 | Build | Farm |
| 25:08 | Create | Villager (Male) |
| 25:08 | Create | Villager (Male) |
| 25:29 | Build | Gate |
| 25:36 | Build | Stone Wall |
| 25:44 | Create | Militia |
| 25:46 | Create | Archer |
| 25:52 | Create | Villager (Male) |
| 26:02 | Build | Lumber Camp |
| 26:06 | Build | House |
| 26:07 | Build | House |
| 26:08 | Build | House |
| 26:16 | Research | Forging |
| 26:32 | Build | Barracks |
| 26:33 | Build | Barracks |
| 26:45 | Create | Militia |
| 26:47 | Create | Archer |
| 26:53 | Research | Stone Mining |
| 27:05 | Research | Fletching |
| 27:20 | Create | Militia |
| 27:22 | Create | Skirmisher |
| 27:23 | Create | Archer |
| 27:29 | Build | House |
| 27:31 | Build | House |
| 27:39 | Create | Villager (Male) |
| 27:39 | Create | Villager (Male) |
| 27:40 | Create | Villager (Male) |
| 27:43 | Build | Farm |
| 28:00 | Build | Lumber Camp |
| 28:41 | Build | Watch Tower |
| 28:49 | Build | Watch Tower |
Build order — SpareSteak9038
122 actions detected in the replay
| 0:11 | Build | Town Center |
| 2:21 | Build | House |
| 2:24 | Build | House |
| 2:41 | Create | Villager (Male) ×4 |
| 2:41 | Create | Villager (Male) ×4 |
| 3:43 | Build | Mill |
| 4:20 | Create | Villager (Male) |
| 4:21 | Research | Loom |
| 4:25 | Build | Farm |
| 4:28 | Build | Farm |
| 6:00 | Create | Villager (Male) |
| 6:00 | Create | Villager (Male) |
| 6:01 | Create | Villager (Male) |
| 6:28 | Create | Villager (Male) |
| 6:28 | Create | Villager (Male) |
| 6:57 | Create | Villager (Male) |
| 6:58 | Create | Villager (Male) |
| 7:31 | Create | Villager (Male) |
| 7:36 | Build | Mill |
| 7:57 | Create | Villager (Male) |
| 7:58 | Create | Villager (Male) |
| 8:00 | Create | Villager (Male) |
| 8:15 | Build | House |
| 8:15 | Build | House |
| 8:16 | Build | House |
| 8:50 | Create | Villager (Male) |
| 8:50 | Create | Villager (Male) |
| 8:51 | Create | Villager (Male) |
| 9:06 | Create | Villager (Male) |
| 9:06 | Create | Villager (Male) |
| 9:21 | Create | Villager (Male) |
| 9:21 | Create | Villager (Male) |
| 9:21 | Create | Villager (Male) |
| 9:40 | Create | Villager (Male) |
| 9:40 | Create | Villager (Male) |
| 10:19 | Build | Barracks |
| 10:53 | Create | Villager (Male) |
| 10:53 | Create | Villager (Male) |
| 11:40 | Create | Villager (Male) |
| 11:44 | Create | Villager (Male) |
| 11:44 | Create | Villager (Male) |
| 12:55 | Build | Lumber Camp |
| 13:06 | Create | Villager (Male) |
| 13:41 | Create | Villager (Male) |
| 13:41 | Create | Villager (Male) |
| 13:48 | Research | Feudal Age |
| 13:48 | Research | Feudal Age |
| 14:39 | Build | Farm |
| 14:47 | Build | Farm |
| 14:48 | Build | Farm |
| 14:49 | Build | Farm |
| 14:51 | Build | Farm |
| 14:52 | Build | Farm |
| 15:06 | Build | Mining Camp |
| 16:00 | Build | Farm |
| 16:07 | Create | Villager (Male) |
| 16:07 | Create | Villager (Male) |
| 16:33 | Build | Archery Range |
| 16:49 | Research | Man-at-Arms (upgrade) |
| 16:51 | Create | Militia ×3 |
| 16:52 | Create | Militia ×3 |
| 17:10 | Research | Wheelbarrow |
| 17:23 | Build | Blacksmith |
| 17:36 | Create | Militia |
| 17:40 | Create | Archer ×3 |
| 17:53 | Build | House |
| 18:04 | Create | Villager (Male) |
| 18:04 | Create | Villager (Male) |
| 18:09 | Build | House |
| 18:09 | Build | House |
| 18:10 | Build | House |
| 18:32 | Create | Militia |
| 18:59 | Create | Villager (Male) |
| 18:59 | Create | Villager (Male) |
| 18:59 | Create | Villager (Male) |
| 18:59 | Create | Villager (Male) |
| 19:38 | Create | Militia |
| 19:39 | Create | Militia |
| 20:01 | Create | Villager (Male) |
| 20:01 | Create | Villager (Male) |
| 20:08 | Create | Archer ×4 |
| 20:08 | Create | Archer ×4 |
| 20:18 | Create | Villager (Male) |
| 20:35 | Build | Mill |
| 20:38 | Build | Farm |
| 20:43 | Build | Farm |
| 20:44 | Build | Farm |
| 20:44 | Build | Farm |
| 20:46 | Build | Farm |
| 20:46 | Build | Farm |
| 20:53 | Create | Villager (Male) |
| 20:55 | Create | Militia |
| 21:09 | Create | Villager (Male) |
| 21:09 | Create | Villager (Male) |
| 21:31 | Build | Barracks |
| 21:39 | Create | Militia |
| 21:41 | Create | Militia |
| 22:02 | Create | Militia ×2 |
| 22:03 | Create | Militia ×2 |
| 22:34 | Create | Villager (Male) |
| 23:04 | Build | Watch Tower |
| 23:22 | Create | Militia ×5 |
| 23:49 | Create | Villager (Male) ×3 |
| 24:20 | Create | Militia ×3 |
| 24:29 | Create | Archer ×4 |
| 24:36 | Build | House |
| 24:36 | Build | House |
| 24:37 | Build | House |
| 24:38 | Build | House |
| 25:42 | Create | Villager (Male) |
| 25:43 | Create | Villager (Male) |
| 26:22 | Build | Archery Range |
| 27:38 | Create | Militia ×5 |
| 28:14 | Build | House |
| 28:14 | Build | House |
| 28:15 | Build | House |
| 28:16 | Build | House |
| 28:38 | Research | Forging |
| 28:39 | Research | Scale Mail Armor |
| 28:39 | Research | Fletching |
| 28:40 | Research | Padded Archer Armor |
| 30:45 | Research | Castle Age |
Build order — Soul Ledger
146 actions detected in the replay
| 1:33 | Build | Town Center |
| 2:13 | Build | Dock |
| 2:17 | Build | House |
| 2:18 | Build | House |
| 4:03 | Create | Villager (Male) |
| 4:04 | Create | Villager (Male) |
| 4:04 | Create | Villager (Male) |
| 4:05 | Create | Villager (Male) |
| 5:49 | Create | Villager (Male) |
| 5:49 | Create | Villager (Male) |
| 6:25 | Create | Villager (Male) |
| 7:08 | Create | Villager (Male) |
| 7:09 | Create | Villager (Male) |
| 7:49 | Create | Villager (Male) |
| 8:00 | Build | Lumber Camp |
| 8:38 | Create | Villager (Male) |
| 8:39 | Create | Villager (Male) |
| 9:02 | Build | House |
| 9:21 | Create | Fishing Ship |
| 9:25 | Create | Villager (Male) |
| 9:26 | Create | Villager (Male) |
| 10:13 | Create | Villager (Male) |
| 10:53 | Create | Villager (Male) |
| 10:57 | Create | Fishing Ship |
| 10:58 | Create | Fishing Ship |
| 10:58 | Create | Fishing Ship |
| 11:04 | Build | House |
| 11:40 | Create | Villager (Male) |
| 11:41 | Create | Villager (Male) |
| 11:41 | Create | Villager (Male) |
| 11:41 | Create | Villager (Male) |
| 12:06 | Build | Dock |
| 12:09 | Build | House |
| 12:10 | Build | House |
| 13:16 | Create | Villager (Male) |
| 13:18 | Create | Villager (Male) |
| 13:39 | Build | Mining Camp |
| 13:52 | Build | Barracks |
| 14:30 | Research | Feudal Age |
| 15:13 | Create | Militia |
| 15:13 | Create | Militia |
| 15:14 | Create | Militia |
| 15:14 | Create | Militia |
| 15:14 | Create | Militia |
| 15:32 | Build | Dock |
| 15:44 | Create | Fishing Ship |
| 15:45 | Create | Fishing Ship |
| 16:22 | Build | House |
| 16:49 | Create | Villager (Male) |
| 16:49 | Create | Villager (Male) |
| 16:53 | Age | Feudal Age |
| 17:22 | Build | Mill |
| 17:37 | Create | Unit 2626 |
| 17:38 | Create | Unit 2626 |
| 17:38 | Create | Unit 2626 |
| 18:02 | Build | Blacksmith |
| 18:06 | Create | Villager (Male) |
| 18:10 | Create | Villager (Male) |
| 18:31 | Create | Unit 2626 |
| 18:41 | Build | Mining Camp |
| 18:50 | Build | House |
| 19:33 | Create | Villager (Male) |
| 19:47 | Build | Market |
| 19:51 | Create | Villager (Male) |
| 20:16 | Build | Lumber Camp |
| 20:20 | Research | Double-Bit Axe |
| 20:29 | Create | Unit 2626 |
| 20:44 | Research | Castle Age |
| 20:52 | Build | Farm |
| 20:53 | Build | Farm |
| 20:55 | Build | Farm |
| 21:02 | Create | Fishing Ship |
| 21:20 | Build | House |
| 21:21 | Build | House |
| 21:22 | Build | House |
| 21:23 | Build | House |
| 22:00 | Create | Fire Galley |
| 22:00 | Create | Fire Galley |
| 22:45 | Create | Fishing Ship ×3 |
| 23:21 | Build | House |
| 23:24 | Age | Castle Age |
| 24:21 | Build | Castle |
| 24:26 | Create | Villager (Male) |
| 24:27 | Create | Villager (Male) |
| 24:33 | Build | Farm |
| 24:34 | Build | Farm |
| 24:35 | Build | Farm |
| 24:37 | Build | Farm |
| 24:38 | Build | Farm |
| 24:40 | Create | Villager (Male) |
| 24:40 | Create | Villager (Male) |
| 25:04 | Research | Tech 906 |
| 25:10 | Build | House |
| 25:11 | Build | House |
| 25:12 | Build | House |
| 25:13 | Build | House |
| 25:33 | Research | Bow Saw |
| 25:45 | Research | War Galley (upgrade) |
| 26:22 | Create | Villager (Male) |
| 27:36 | Research | Imperial Age |
| 27:43 | Research | Gillnets |
| 27:44 | Create | Fishing Ship ×5 |
| 27:44 | Create | Fishing Ship ×4 |
| 28:57 | Build | Town Center |
| 29:12 | Research | Silk Road |
| 29:22 | Research | Wheelbarrow |
| 29:38 | Build | University |
| 30:20 | Build | Siege Workshop |
| 30:37 | Create | Genoese Crossbowman |
| 30:38 | Create | Genoese Crossbowman |
| 30:43 | Research | Fletching |
| 30:45 | Research | Padded Archer Armor |
| 30:46 | Age | Imperial Age |
| 30:51 | Research | Chemistry |
| 30:53 | Research | Ballistics |
| 31:40 | Create | Genoese Crossbowman |
| 31:41 | Create | Genoese Crossbowman |
| 31:41 | Create | Genoese Crossbowman |
| 31:41 | Create | Genoese Crossbowman |
| 31:41 | Create | Genoese Crossbowman |
| 31:52 | Create | Villager (Male) ×5 |
| 31:52 | Create | Villager (Male) ×5 |
| 31:53 | Create | Villager (Male) |
| 32:43 | Create | Bombard Cannon |
| 32:55 | Create | Fire Galley |
| 32:55 | Create | Fire Galley |
| 33:23 | Build | Dock |
| 33:31 | Create | Bombard Cannon |
| 33:39 | Create | Genoese Crossbowman ×3 |
| 34:16 | Create | Fire Galley |
| 34:16 | Create | Fire Galley |
| 34:16 | Create | Fire Galley |
| 34:27 | Create | Villager (Male) ×5 |
| 34:27 | Create | Villager (Male) ×5 |
| 34:28 | Create | Villager (Male) ×5 |
| 34:29 | Create | Villager (Male) ×5 |
| 34:29 | Create | Villager (Male) |
| 34:39 | Build | Farm |
| 34:58 | Research | Conscription |
| 35:25 | Build | Town Center |
| 36:42 | Create | Genoese Crossbowman ×5 |
| 36:42 | Create | Genoese Crossbowman ×2 |
| 37:09 | Create | Villager (Male) ×5 |
| 37:13 | Create | Villager (Male) ×5 |
| 37:13 | Create | Villager (Male) |
| 37:22 | Build | Town Center |
Build order — Faceless
First 150 of 189 actions detected
| 0:29 | Build | Town Center |
| 0:37 | Build | House |
| 0:37 | Build | House |
| 2:33 | Build | Dock |
| 2:42 | Create | Villager (Male) ×4 |
| 4:25 | Create | Villager (Male) |
| 4:35 | Create | Fishing Ship |
| 4:54 | Research | Loom |
| 5:01 | Create | Villager (Male) |
| 5:12 | Build | House |
| 5:16 | Create | Villager (Male) |
| 5:56 | Create | Fishing Ship |
| 6:24 | Create | Villager (Male) |
| 6:24 | Create | Villager (Male) |
| 6:57 | Create | Villager (Male) |
| 7:18 | Create | Villager (Male) |
| 7:34 | Create | Fishing Ship |
| 7:43 | Build | House |
| 7:44 | Build | House |
| 7:57 | Create | Villager (Male) ×3 |
| 8:27 | Create | Villager (Male) |
| 8:56 | Create | Fishing Ship |
| 9:37 | Create | Villager (Male) |
| 10:12 | Create | Villager (Male) |
| 10:20 | Build | Lumber Camp |
| 10:41 | Build | Dock |
| 10:45 | Create | Villager (Male) |
| 11:03 | Research | Feudal Age |
| 11:26 | Build | Barracks |
| 11:49 | Create | Fishing Ship |
| 11:50 | Create | Fishing Ship |
| 12:12 | Create | Fishing Ship |
| 12:12 | Create | Fishing Ship |
| 12:17 | Create | Fishing Ship |
| 12:17 | Create | Fishing Ship |
| 12:48 | Create | Villager (Male) |
| 13:01 | Create | Fishing Ship |
| 13:01 | Create | Fishing Ship |
| 13:02 | Create | Fishing Ship |
| 13:02 | Create | Fishing Ship |
| 13:18 | Build | House |
| 13:19 | Build | House |
| 13:20 | Age | Feudal Age |
| 13:21 | Build | House |
| 13:26 | Build | House |
| 13:28 | Build | House |
| 13:36 | Research | Wheelbarrow |
| 13:44 | Build | Mining Camp |
| 14:14 | Research | Double-Bit Axe |
| 14:22 | Create | Spearman |
| 14:23 | Create | Spearman |
| 14:37 | Build | Archery Range |
| 14:44 | Build | Lumber Camp |
| 15:42 | Create | Archer |
| 15:58 | Research | Tech 906 |
| 16:04 | Build | House |
| 16:06 | Build | House |
| 16:07 | Build | House |
| 16:20 | Create | Villager (Male) |
| 16:22 | Create | Villager (Male) |
| 16:30 | Build | Blacksmith |
| 16:37 | Create | Villager (Male) |
| 16:38 | Create | Villager (Male) |
| 16:55 | Create | Archer |
| 17:29 | Create | Villager (Male) |
| 17:31 | Create | Archer |
| 17:36 | Research | Fletching |
| 17:42 | Create | Villager (Male) ×5 |
| 17:42 | Create | Villager (Male) ×5 |
| 18:12 | Create | Skirmisher |
| 18:15 | Create | Archer |
| 18:15 | Create | Archer |
| 18:23 | Create | Villager (Male) |
| 18:23 | Create | Villager (Male) |
| 19:03 | Create | Villager (Male) |
| 20:05 | Research | Castle Age |
| 20:33 | Build | Mining Camp |
| 20:47 | Build | Dock |
| 20:59 | Create | Fire Galley |
| 22:30 | Build | House |
| 22:31 | Build | House |
| 22:45 | Age | Castle Age |
| 22:46 | Create | Fire Galley ×2 |
| 22:53 | Create | Villager (Male) |
| 22:54 | Create | Villager (Male) |
| 23:36 | Build | House |
| 23:38 | Build | House |
| 23:40 | Build | House |
| 23:41 | Build | House |
| 23:44 | Build | House |
| 23:47 | Create | Villager (Male) |
| 23:50 | Create | Villager (Male) |
| 24:04 | Build | Siege Workshop |
| 24:36 | Create | Villager (Male) |
| 24:52 | Create | Mangonel |
| 24:57 | Create | Battering Ram |
| 25:02 | Create | Battering Ram |
| 25:23 | Build | Town Center |
| 25:32 | Create | Villager (Male) ×5 |
| 26:00 | Research | War Galley (upgrade) |
| 26:02 | Research | Gillnets |
| 26:10 | Create | Fire Galley |
| 27:16 | Create | Villager (Male) |
| 27:20 | Create | Unit 2626 ×4 |
| 27:20 | Create | Unit 2626 ×4 |
| 27:20 | Create | Unit 2626 |
| 27:35 | Build | Castle |
| 28:51 | Create | Villager (Male) ×5 |
| 28:56 | Build | Town Center |
| 29:00 | Create | Villager (Male) |
| 29:31 | Build | Dock |
| 29:35 | Create | Villager (Male) |
| 29:35 | Create | Villager (Male) |
| 30:14 | Create | Fishing Ship ×5 |
| 30:14 | Create | Fishing Ship ×5 |
| 30:23 | Create | Villager (Male) ×5 |
| 30:23 | Create | Villager (Male) ×5 |
| 30:34 | Create | Camel Archer ×5 |
| 30:34 | Create | Camel Archer ×5 |
| 30:39 | Build | University |
| 31:28 | Build | Mining Camp |
| 31:31 | Research | Ballistics |
| 32:20 | Build | Dock |
| 32:22 | Build | Dock |
| 32:33 | Create | Unit 2626 ×5 |
| 32:33 | Create | Unit 2626 ×5 |
| 32:38 | Create | Villager (Male) ×5 |
| 32:38 | Create | Villager (Male) ×5 |
| 32:38 | Create | Villager (Male) ×5 |
| 32:39 | Create | Villager (Male) ×5 |
| 32:39 | Create | Villager (Male) ×5 |
| 32:39 | Create | Villager (Male) ×5 |
| 32:40 | Create | Villager (Male) ×5 |
| 32:56 | Build | Stable |
| 33:17 | Create | Camel Archer ×4 |
| 33:17 | Create | Camel Archer ×4 |
| 33:21 | Build | Mining Camp |
| 33:59 | Build | Stable |
| 33:59 | Build | Stable |
| 35:11 | Build | Stable |
| 35:12 | Build | Stable |
| 35:12 | Build | Stable |
| 35:12 | Build | Stable |
| 35:18 | Research | Bloodlines |
| 35:18 | Research | Husbandry |
| 35:23 | Research | Bodkin Arrow |
| 36:28 | Build | Mill |
| 36:31 | Build | House |
| 36:32 | Build | House |
| 36:33 | Build | House |
Build order — RSP Neta 5
138 actions detected in the replay
| 1:45 | Build | Town Center |
| 4:21 | Create | Villager (Male) |
| 4:22 | Create | Villager (Male) |
| 4:22 | Create | Villager (Male) |
| 4:22 | Create | Villager (Male) |
| 4:23 | Create | Villager (Male) |
| 5:52 | Create | Villager (Male) |
| 5:52 | Create | Villager (Male) |
| 6:40 | Create | Villager (Male) |
| 6:40 | Create | Villager (Male) |
| 6:40 | Create | Villager (Male) |
| 7:46 | Build | Mill |
| 8:11 | Create | Villager (Male) |
| 8:11 | Create | Villager (Male) |
| 8:11 | Create | Villager (Male) |
| 8:12 | Create | Villager (Male) |
| 8:12 | Create | Villager (Male) |
| 9:21 | Create | Villager (Male) |
| 9:22 | Create | Villager (Male) |
| 9:22 | Create | Villager (Male) |
| 9:22 | Create | Villager (Male) |
| 9:23 | Create | Villager (Male) |
| 9:45 | Build | Outpost |
| 10:34 | Build | Palisade Gate |
| 10:54 | Build | Farm |
| 10:58 | Build | Farm |
| 11:56 | Build | Farm |
| 12:29 | Build | Mining Camp |
| 12:36 | Create | Villager (Male) |
| 13:00 | Create | Villager (Male) |
| 13:19 | Build | Outpost |
| 13:23 | Research | Feudal Age |
| 13:42 | Build | Farm |
| 13:54 | Build | Farm |
| 13:57 | Build | Farm |
| 14:15 | Create | Villager (Male) |
| 14:15 | Create | Villager (Male) |
| 14:15 | Create | Villager (Male) |
| 15:00 | Research | Loom |
| 15:06 | Research | Loom |
| 15:36 | Age | Feudal Age |
| 15:37 | Create | Villager (Male) |
| 15:37 | Create | Villager (Male) |
| 15:42 | Build | Watch Tower |
| 15:55 | Build | Palisade Wall |
| 16:01 | Build | Palisade Wall |
| 16:02 | Build | Palisade Wall |
| 16:12 | Build | Palisade Wall |
| 16:18 | Build | Palisade Wall |
| 16:22 | Build | Palisade Wall |
| 17:02 | Build | Watch Tower |
| 17:08 | Create | Villager (Male) |
| 17:08 | Create | Villager (Male) |
| 17:09 | Create | Villager (Male) |
| 17:09 | Create | Villager (Male) |
| 17:30 | Build | Watch Tower |
| 17:51 | Research | Town Watch |
| 17:55 | Research | Wheelbarrow |
| 17:59 | Create | Villager (Male) |
| 18:06 | Build | Watch Tower |
| 18:09 | Build | Watch Tower |
| 19:33 | Create | Villager (Male) |
| 19:43 | Build | Watch Tower |
| 20:13 | Build | Market |
| 20:18 | Create | Villager (Male) |
| 20:19 | Create | Villager (Male) |
| 20:19 | Create | Villager (Male) |
| 20:22 | Create | Villager (Male) |
| 20:25 | Build | Farm |
| 21:14 | Build | Watch Tower |
| 21:40 | Build | Palisade Gate |
| 21:47 | Create | Villager (Male) |
| 21:47 | Create | Villager (Male) |
| 22:09 | Build | Mill |
| 22:10 | Create | Villager (Male) |
| 22:17 | Build | Farm |
| 22:19 | Build | Farm |
| 22:53 | Build | Farm |
| 22:54 | Build | Farm |
| 22:59 | Build | Farm |
| 23:08 | Create | Villager (Male) |
| 23:34 | Create | Villager (Male) |
| 23:34 | Create | Villager (Male) |
| 23:38 | Build | Farm |
| 24:11 | Build | Farm |
| 24:12 | Build | Farm |
| 24:16 | Create | Villager (Male) |
| 24:49 | Create | Villager (Male) |
| 24:52 | Build | Farm |
| 25:23 | Create | Villager (Male) |
| 25:51 | Create | Villager (Male) |
| 25:58 | Build | Farm |
| 26:05 | Build | Farm |
| 26:08 | Build | Farm |
| 26:23 | Create | Villager (Male) |
| 26:31 | Build | Blacksmith |
| 27:06 | Create | Villager (Male) |
| 27:14 | Research | Castle Age |
| 27:26 | Build | Lumber Camp |
| 27:57 | Create | Villager (Male) |
| 27:58 | Create | Villager (Male) |
| 28:35 | Build | Farm |
| 28:48 | Build | Barracks |
| 29:31 | Create | Villager (Male) |
| 29:32 | Create | Villager (Male) |
| 29:33 | Create | Villager (Male) |
| 29:33 | Create | Villager (Male) |
| 30:11 | Age | Castle Age |
| 30:14 | Build | Town Center |
| 30:26 | Create | Villager (Male) |
| 30:27 | Create | Villager (Male) |
| 30:55 | Build | Castle |
| 31:01 | Create | Villager (Male) |
| 31:01 | Create | Villager (Male) |
| 31:14 | Research | Double-Bit Axe |
| 31:17 | Research | Horse Collar |
| 31:20 | Build | Farm |
| 31:32 | Build | Farm |
| 31:36 | Create | Villager (Male) |
| 31:36 | Create | Villager (Male) |
| 31:36 | Create | Villager (Male) |
| 31:47 | Build | Farm |
| 31:48 | Create | Villager (Male) |
| 31:49 | Create | Villager (Male) |
| 32:15 | Create | Villager (Male) |
| 32:31 | Research | Hand Cart |
| 32:31 | Research | Town Patrol |
| 32:45 | Research | Bow Saw |
| 32:52 | Create | Villager (Male) |
| 32:53 | Create | Villager (Male) |
| 33:32 | Build | Town Center |
| 33:35 | Create | Villager (Male) |
| 33:35 | Create | Villager (Male) |
| 33:39 | Build | Mining Camp |
| 34:03 | Build | Barracks |
| 34:06 | Research | Pikeman (upgrade) |
| 34:17 | Create | Villager (Male) ×5 |
| 35:14 | Build | Castle |
Build order — jj.moreno.minas
141 actions detected in the replay
| 0:35 | Build | Town Center |
| 4:11 | Create | Villager (Male) |
| 4:12 | Create | Villager (Male) |
| 4:51 | Create | Villager (Male) |
| 5:28 | Create | Villager (Male) |
| 5:28 | Create | Villager (Male) |
| 5:51 | Build | Lumber Camp |
| 6:38 | Create | Villager (Male) |
| 6:39 | Create | Villager (Male) |
| 6:39 | Create | Villager (Male) |
| 6:39 | Create | Villager (Male) |
| 6:42 | Create | Villager (Male) |
| 7:42 | Build | House |
| 8:14 | Create | Villager (Male) |
| 8:14 | Create | Villager (Male) |
| 8:15 | Create | Villager (Male) |
| 8:15 | Create | Villager (Male) |
| 8:15 | Create | Villager (Male) |
| 8:36 | Create | Villager (Male) |
| 8:37 | Create | Villager (Male) |
| 8:37 | Create | Villager (Male) |
| 8:55 | Build | House |
| 9:10 | Build | Dock |
| 9:23 | Build | House |
| 9:25 | Build | House |
| 9:51 | Create | Fishing Ship |
| 10:14 | Create | Villager (Male) |
| 10:36 | Build | Dock |
| 11:11 | Build | Mining Camp |
| 11:30 | Create | Fishing Ship |
| 11:56 | Create | Fishing Ship |
| 12:04 | Create | Fishing Ship |
| 12:29 | Create | Fishing Ship |
| 12:48 | Create | Fishing Ship |
| 12:54 | Create | Fishing Ship |
| 12:58 | Create | Fishing Ship |
| 13:13 | Research | Loom |
| 13:22 | Create | Fishing Ship |
| 13:26 | Create | Fishing Ship |
| 13:50 | Build | House |
| 13:51 | Build | House |
| 13:52 | Build | House |
| 13:54 | Build | House |
| 14:09 | Create | Fishing Ship |
| 14:16 | Research | Feudal Age |
| 14:40 | Build | Mill |
| 14:56 | Create | Fishing Ship |
| 15:00 | Create | Fishing Ship |
| 15:22 | Create | Fishing Ship |
| 15:27 | Create | Fishing Ship |
| 16:26 | Age | Feudal Age |
| 16:28 | Build | Barracks |
| 16:32 | Create | Villager (Male) |
| 16:32 | Create | Villager (Male) |
| 16:33 | Create | Villager (Male) |
| 17:14 | Create | Fishing Ship |
| 17:27 | Build | Blacksmith |
| 17:44 | Build | Archery Range |
| 18:10 | Build | Mining Camp |
| 18:16 | Research | Gold Mining |
| 18:25 | Create | Villager (Male) |
| 18:25 | Create | Villager (Male) |
| 18:41 | Research | Castle Age |
| 18:49 | Research | Double-Bit Axe |
| 19:12 | Research | Tech 906 |
| 19:32 | Research | Stone Mining |
| 19:45 | Build | House |
| 20:12 | Build | House |
| 20:14 | Build | House |
| 20:16 | Build | House |
| 20:37 | Build | Lumber Camp |
| 21:30 | Age | Castle Age |
| 21:41 | Research | Stone Shaft Mining |
| 21:46 | Research | Bow Saw |
| 21:50 | Research | Gold Shaft Mining |
| 21:55 | Research | Gillnets |
| 22:31 | Create | Villager (Male) |
| 22:31 | Create | Villager (Male) |
| 22:31 | Create | Villager (Male) |
| 22:51 | Build | University |
| 23:05 | Research | Thumb Ring |
| 23:12 | Research | Fletching |
| 23:12 | Research | Padded Archer Armor |
| 24:06 | Build | Castle |
| 24:22 | Research | Squires |
| 24:27 | Research | Bodkin Arrow |
| 24:27 | Research | Leather Archer Armor |
| 24:31 | Research | Ballistics |
| 26:12 | Create | Chu Ko Nu |
| 26:12 | Create | Chu Ko Nu |
| 26:13 | Create | Chu Ko Nu |
| 26:13 | Create | Chu Ko Nu |
| 26:13 | Create | Chu Ko Nu |
| 26:15 | Create | Chu Ko Nu |
| 26:15 | Create | Chu Ko Nu |
| 26:16 | Create | Chu Ko Nu |
| 26:17 | Create | Chu Ko Nu |
| 26:17 | Create | Chu Ko Nu |
| 27:49 | Research | Imperial Age |
| 28:16 | Create | Chu Ko Nu |
| 28:16 | Create | Chu Ko Nu |
| 28:17 | Create | Chu Ko Nu |
| 28:38 | Build | Lumber Camp |
| 28:54 | Build | House |
| 28:55 | Build | House |
| 28:59 | Build | House |
| 28:59 | Build | House |
| 29:14 | Research | Wheelbarrow |
| 29:51 | Build | Castle |
| 30:05 | Create | Chu Ko Nu |
| 30:06 | Create | Chu Ko Nu |
| 30:06 | Create | Chu Ko Nu |
| 30:59 | Create | Chu Ko Nu |
| 30:59 | Age | Imperial Age |
| 30:59 | Create | Chu Ko Nu |
| 30:59 | Create | Chu Ko Nu |
| 30:59 | Create | Chu Ko Nu |
| 31:00 | Create | Chu Ko Nu |
| 31:00 | Create | Chu Ko Nu |
| 31:00 | Create | Chu Ko Nu |
| 31:38 | Research | Bracer |
| 32:28 | Build | Monastery |
| 33:22 | Build | Castle |
| 33:28 | Create | Trebuchet (Packed) |
| 34:31 | Create | Trebuchet (Packed) |
| 34:39 | Create | Chu Ko Nu |
| 34:39 | Create | Chu Ko Nu |
| 34:40 | Create | Chu Ko Nu |
| 34:40 | Create | Chu Ko Nu |
| 34:40 | Create | Chu Ko Nu |
| 34:40 | Create | Chu Ko Nu |
| 34:41 | Create | Chu Ko Nu |
| 34:41 | Create | Chu Ko Nu |
| 34:41 | Create | Chu Ko Nu |
| 34:41 | Create | Chu Ko Nu |
| 34:42 | Create | Chu Ko Nu |
| 34:42 | Create | Chu Ko Nu |
| 34:50 | Create | Chu Ko Nu |
| 34:50 | Create | Chu Ko Nu |
| 36:36 | Create | Monk |
| 36:37 | Create | Monk |
Build order — Lilbalayya
First 150 of 164 actions detected
| 1:38 | Build | Town Center |
| 1:49 | Build | Town Center |
| 2:22 | Build | House |
| 2:27 | Build | House |
| 2:28 | Build | House |
| 3:02 | Build | Dock |
| 3:57 | Create | Villager (Male) |
| 3:58 | Create | Villager (Male) |
| 3:58 | Create | Villager (Male) |
| 3:58 | Create | Villager (Male) |
| 3:58 | Create | Villager (Male) |
| 3:58 | Create | Villager (Male) |
| 3:59 | Create | Villager (Male) |
| 5:11 | Create | Villager (Male) |
| 5:11 | Create | Villager (Male) |
| 5:11 | Create | Villager (Male) |
| 5:45 | Create | Villager (Male) |
| 5:45 | Create | Villager (Male) |
| 5:46 | Create | Villager (Male) |
| 6:04 | Create | Villager (Male) |
| 6:04 | Create | Villager (Male) |
| 6:31 | Create | Villager (Male) |
| 6:31 | Create | Villager (Male) |
| 6:54 | Build | House |
| 7:02 | Build | House |
| 7:04 | Create | Villager (Male) |
| 7:04 | Create | Villager (Male) |
| 7:04 | Create | Villager (Male) |
| 7:23 | Create | Villager (Male) |
| 7:23 | Create | Villager (Male) |
| 7:23 | Create | Villager (Male) |
| 8:06 | Create | Fishing Ship |
| 8:06 | Create | Fishing Ship |
| 8:11 | Create | Villager (Male) |
| 8:11 | Create | Villager (Male) |
| 8:34 | Create | Villager (Male) |
| 8:34 | Create | Villager (Male) |
| 8:45 | Create | Fishing Ship |
| 8:45 | Create | Fishing Ship |
| 8:45 | Create | Fishing Ship |
| 8:52 | Create | Villager (Male) |
| 8:52 | Create | Villager (Male) |
| 9:19 | Create | Villager (Male) |
| 9:19 | Create | Villager (Male) |
| 9:19 | Create | Villager (Male) |
| 9:25 | Create | Fishing Ship |
| 9:33 | Build | House |
| 10:07 | Build | House |
| 10:08 | Build | House |
| 10:12 | Create | Fishing Ship |
| 11:09 | Create | Fishing Ship |
| 11:34 | Create | Villager (Male) |
| 11:52 | Create | Villager (Male) |
| 12:07 | Build | House |
| 12:08 | Build | House |
| 12:11 | Build | House |
| 12:12 | Build | Mill |
| 12:17 | Create | Fishing Ship |
| 12:18 | Create | Fishing Ship |
| 12:18 | Create | Fishing Ship |
| 12:27 | Create | Villager (Male) |
| 13:10 | Create | Villager (Male) |
| 13:25 | Research | Feudal Age |
| 13:51 | Build | Barracks |
| 14:47 | Build | Farm |
| 14:47 | Build | Farm |
| 14:48 | Build | Farm |
| 14:48 | Build | Farm |
| 14:48 | Build | Farm |
| 14:48 | Build | Farm |
| 14:49 | Build | Farm |
| 14:49 | Build | Farm |
| 15:13 | Create | Villager (Male) |
| 15:26 | Build | Farm |
| 15:26 | Build | Farm |
| 15:26 | Build | Farm |
| 15:26 | Build | Farm |
| 15:45 | Age | Feudal Age |
| 15:48 | Create | Villager (Male) |
| 16:02 | Research | Man-at-Arms (upgrade) |
| 16:02 | Research | Arson |
| 16:03 | Research | Arson |
| 16:05 | Create | Villager (Male) |
| 16:18 | Build | Blacksmith |
| 16:23 | Build | Blacksmith |
| 16:26 | Create | Villager (Male) |
| 16:48 | Build | Archery Range |
| 16:59 | Create | Militia ×5 |
| 17:26 | Build | House |
| 17:27 | Build | House |
| 17:28 | Build | House |
| 17:46 | Build | House |
| 17:47 | Build | House |
| 18:01 | Create | Militia |
| 18:04 | Create | Villager (Male) |
| 18:18 | Create | Militia |
| 18:32 | Create | Archer |
| 18:32 | Create | Archer |
| 18:34 | Create | Skirmisher |
| 18:34 | Create | Skirmisher |
| 18:34 | Create | Skirmisher |
| 18:34 | Create | Skirmisher |
| 18:34 | Create | Skirmisher |
| 18:35 | Create | Skirmisher |
| 18:35 | Create | Skirmisher |
| 19:04 | Create | Skirmisher |
| 19:18 | Create | Skirmisher |
| 19:18 | Create | Skirmisher |
| 19:45 | Build | Dock |
| 20:29 | Create | Skirmisher ×4 |
| 20:29 | Create | Skirmisher ×4 |
| 20:53 | Create | Fishing Ship |
| 20:53 | Create | Fishing Ship |
| 21:00 | Create | Demolition Raft |
| 21:00 | Create | Demolition Raft |
| 21:00 | Create | Demolition Raft |
| 21:05 | Create | Fishing Ship ×2 |
| 21:05 | Create | Fishing Ship ×2 |
| 21:28 | Build | House |
| 21:30 | Build | House |
| 21:32 | Build | House |
| 21:33 | Build | House |
| 21:45 | Build | House |
| 21:46 | Build | House |
| 21:48 | Build | House |
| 21:49 | Build | House |
| 21:51 | Build | House |
| 21:59 | Build | Palisade Gate |
| 22:02 | Build | House |
| 22:07 | Research | Tech 906 |
| 22:13 | Create | Fishing Ship |
| 22:13 | Create | Fishing Ship |
| 22:29 | Create | Villager (Male) |
| 22:53 | Create | Militia |
| 22:53 | Create | Militia |
| 23:26 | Build | Watch Tower |
| 23:33 | Create | Militia |
| 23:41 | Create | Skirmisher |
| 23:41 | Create | Skirmisher |
| 23:41 | Create | Skirmisher |
| 23:44 | Create | Militia |
| 24:13 | Create | Fishing Ship ×4 |
| 24:13 | Create | Fishing Ship ×4 |
| 24:21 | Create | Villager (Male) |
| 24:22 | Create | Villager (Male) |
| 24:22 | Create | Villager (Male) |
| 25:22 | Create | Trade Cog |
| 25:27 | Create | Transport Ship |
| 25:28 | Create | Transport Ship |
| 26:17 | Create | Transport Ship |
Build order — matejpavlicek
105 actions detected in the replay
| 1:06 | Build | Town Center |
| 3:19 | Create | Villager (Male) ×4 |
| 3:47 | Research | Loom |
| 4:46 | Create | Villager (Male) |
| 4:47 | Create | Villager (Male) |
| 5:49 | Create | Villager (Male) |
| 7:01 | Create | Villager (Male) |
| 7:01 | Create | Villager (Male) |
| 7:01 | Create | Villager (Male) |
| 8:15 | Create | Villager (Male) |
| 8:15 | Create | Villager (Male) |
| 8:16 | Create | Villager (Male) |
| 8:16 | Create | Villager (Male) |
| 8:16 | Create | Villager (Male) |
| 8:49 | Create | Villager (Male) |
| 8:50 | Create | Villager (Male) |
| 9:00 | Build | Dock |
| 9:38 | Create | Villager (Male) |
| 9:44 | Create | Villager (Male) |
| 9:54 | Create | Fishing Ship |
| 10:11 | Create | Villager (Male) |
| 10:37 | Build | Mill |
| 11:00 | Create | Villager (Male) |
| 11:00 | Create | Villager (Male) |
| 11:07 | Create | Fishing Ship |
| 11:42 | Create | Fishing Ship |
| 11:43 | Create | Fishing Ship |
| 12:13 | Create | Villager (Male) |
| 12:13 | Create | Villager (Male) |
| 12:13 | Create | Villager (Male) |
| 12:23 | Create | Fishing Ship |
| 12:58 | Build | Mining Camp |
| 13:34 | Create | Fishing Ship |
| 13:34 | Create | Fishing Ship |
| 13:56 | Create | Villager (Male) |
| 14:25 | Create | Villager (Male) |
| 14:45 | Build | Mining Camp |
| 14:51 | Create | Villager (Male) |
| 15:06 | Create | Fishing Ship |
| 15:06 | Create | Fishing Ship |
| 15:25 | Research | Feudal Age |
| 16:01 | Create | Fishing Ship |
| 16:43 | Build | Lumber Camp |
| 17:10 | Build | Mining Camp |
| 17:27 | Build | Lumber Camp |
| 17:35 | Age | Feudal Age |
| 17:37 | Create | Villager (Male) |
| 17:38 | Create | Villager (Male) |
| 18:08 | Create | Villager (Male) |
| 18:32 | Build | Market |
| 18:50 | Build | Blacksmith |
| 19:47 | Build | Lumber Camp |
| 20:25 | Research | Castle Age |
| 22:24 | Build | Mining Camp |
| 22:43 | Build | Mill |
| 23:02 | Research | Wheelbarrow |
| 23:05 | Age | Castle Age |
| 23:24 | Build | Town Center |
| 23:41 | Research | Stone Mining |
| 24:15 | Research | Double-Bit Axe |
| 24:43 | Build | Castle |
| 24:58 | Create | Villager (Male) |
| 24:58 | Create | Villager (Male) |
| 25:29 | Create | Villager (Male) |
| 25:36 | Research | Fletching |
| 25:48 | Research | Horse Collar |
| 25:50 | Research | Bow Saw |
| 25:54 | Create | Villager (Male) |
| 25:55 | Create | Villager (Male) |
| 26:40 | Research | Gold Mining |
| 26:46 | Research | Bodkin Arrow |
| 27:07 | Research | Tech 906 |
| 27:15 | Create | Villager (Male) |
| 27:15 | Create | Villager (Male) |
| 28:10 | Build | Stone Wall |
| 28:24 | Create | Villager (Male) ×5 |
| 28:30 | Build | Farm |
| 29:23 | Build | Farm |
| 29:29 | Build | Farm |
| 29:55 | Build | Farm |
| 30:10 | Build | Barracks |
| 30:45 | Create | Villager (Male) |
| 30:45 | Create | Villager (Male) |
| 30:58 | Build | Farm |
| 30:59 | Build | Farm |
| 32:09 | Build | Stone Wall |
| 32:52 | Build | Dock |
| 33:09 | Research | Town Watch |
| 33:10 | Research | Imperial Age |
| 33:18 | Build | Outpost |
| 33:52 | Build | Town Center |
| 34:05 | Build | Mining Camp |
| 34:39 | Build | Stone Wall |
| 34:44 | Create | Tarkan |
| 34:48 | Research | Forging |
| 34:49 | Research | Scale Barding Armor |
| 34:52 | Create | Tarkan |
| 35:21 | Build | Lumber Camp |
| 36:18 | Build | Mining Camp |
| 36:36 | Research | Hand Cart |
| 36:44 | Age | Imperial Age |
| 36:44 | Research | Tech 905 |
| 36:46 | Create | Demolition Raft |
| 36:47 | Create | Demolition Raft |
| 37:22 | Build | Stable |
Match timeline
| 2:13 | Soul Ledger · first_building Dock |
| 2:33 | Faceless · first_building Dock |
| 3:02 | Lilbalayya · first_building Dock |
| 9:00 | matejpavlicek · first_building Dock |
| 9:10 | jj.moreno.minas · first_building Dock |
| 10:19 | SpareSteak9038 · first_building Barracks |
| 11:26 | Faceless · first_building Barracks |
| 13:20 | Faceless · age_up feudal |
| 13:51 | Lilbalayya · first_building Barracks |
| 13:52 | Erickinio · first_building Barracks |
| 13:52 | Soul Ledger · first_building Barracks |
| 14:37 | Faceless · first_building Archery Range |
| 15:36 | RSP Neta 5 · age_up feudal |
| 15:45 | Lilbalayya · age_up feudal |
| 15:55 | RSP Neta 5 · wall_segment Palisade Wall x1 |
| 16:01 | RSP Neta 5 · wall_segment Palisade Wall x1 |
| 16:02 | RSP Neta 5 · wall_segment Palisade Wall x1 |
| 16:12 | RSP Neta 5 · wall_segment Palisade Wall x1 |
| 16:16 | Erickinio · age_up feudal |
| 16:18 | RSP Neta 5 · wall_segment Palisade Wall x1 |
| 16:22 | RSP Neta 5 · wall_segment Palisade Wall x1 |
| 16:22 | Erickinio · first_building Archery Range |
| 16:26 | jj.moreno.minas · age_up feudal |
| 16:28 | jj.moreno.minas · first_building Barracks |
| 16:29 | Erickinio · first_building Stable |
| 16:33 | SpareSteak9038 · first_building Archery Range |
| 16:48 | Lilbalayya · first_building Archery Range |
| 16:53 | Soul Ledger · age_up feudal |
| 17:35 | matejpavlicek · age_up feudal |
| 17:44 | jj.moreno.minas · first_building Archery Range |
| 20:54 | RSP Neta 5 · first_market_buy 100 wood |
| 21:30 | jj.moreno.minas · age_up castle |
| 22:45 | Faceless · age_up castle |
| 23:05 | matejpavlicek · age_up castle |
| 23:24 | Soul Ledger · age_up castle |
| 24:04 | Faceless · first_building Siege Workshop |
| 24:06 | jj.moreno.minas · first_building Castle |
| 24:21 | Soul Ledger · first_building Castle |
| 24:43 | matejpavlicek · first_building Castle |
| 25:35 | RSP Neta 5 · tribute_sent a jugador 1 |
| 25:35 | RSP Neta 5 · tribute_sent a jugador 2 |
| 25:35 | RSP Neta 5 · tribute_sent a jugador 3 |
| 25:35 | RSP Neta 5 · tribute_sent a jugador 5 |
| 25:35 | RSP Neta 5 · tribute_sent a jugador 6 |
| 25:35 | RSP Neta 5 · tribute_sent a jugador 7 |
| 25:35 | RSP Neta 5 · tribute_sent a jugador 8 |
| 25:36 | Erickinio · wall_segment Stone Wall x2 |
| 27:35 | Faceless · first_building Castle |
| 28:10 | matejpavlicek · wall_segment Stone Wall x6 |
| 28:48 | RSP Neta 5 · first_building Barracks |
| 30:10 | matejpavlicek · first_building Barracks |
| 30:11 | RSP Neta 5 · age_up castle |
| 30:20 | Soul Ledger · first_building Siege Workshop |
| 30:46 | Soul Ledger · age_up imperial |
| 30:55 | RSP Neta 5 · first_building Castle |
| 30:59 | jj.moreno.minas · age_up imperial |
| 31:51 | Soul Ledger · first_market_sell 100 food |
| 32:09 | matejpavlicek · wall_segment Stone Wall x5 |
| 32:28 | jj.moreno.minas · first_building Monastery |
| 32:56 | Faceless · first_building Stable |
| 34:39 | matejpavlicek · wall_segment Stone Wall x5 |
| 34:57 | Erickinio · age_up castle |
| 34:58 | RSP Neta 5 · first_market_sell 100 food |
| 35:04 | Erickinio · resign |
| 36:44 | matejpavlicek · age_up imperial |
| 37:22 | matejpavlicek · first_building Stable |
[ AI ANALYSIS · 1 CREDIT ]
What really happened in this match?
Wolo.gg analyzes every decision: build order, eco, micro, common mistakes by bracket. Personalized analysis on WhatsApp or Discord in 30 seconds.
Civ guide
Celts
Perfil
Jugador #3263252